 Dungeon Crawl Stone Soup version 0.22.1-2-g9c5b331 (webtiles) character file.

9532 dvd the Martial Artist (level 11, -10/68 HPs)
             Began as an Octopode Transmuter on Nov 25, 2018.
             Was a Believer of Sif Muna.
             Mangled by a wolf (11 damage)
             ... on level 2 of the Lair of Beasts.
             The game lasted 00:36:29 (14635 turns).

dvd the Martial Artist (Octopode Transmuter)       Turns: 14635, Time: 00:36:30

Health: -10/68     AC:  1    Str: 15    XL:     11   Next: 48%
Magic:  20/20      EV: 16    Int: 17    God:    Sif Muna [**....]
Gold:   647        SH:  0    Dex: 13    Spells: 2/23 levels left

rFire    . . .     SeeInvis .   a - +6 flail (protect)
rCold    . . .     Gourm    .   (no shield)
rNeg     . . .     Faith    .   (helmet restricted)
rPois    .         Spirit   .   b - amulet of magic regeneration
rElec    .         Reflect  .   j - +4 ring of strength
rCorr    .         Harm     .   (no ring)
MR       .....                  (no ring)
Stlth    +++++.....             (no ring)
HPRegen  0.21/turn              (no ring)
MPRegen  0.42/turn              (no ring)
                                (no ring)
                                (no ring)

@: no status effects
A: almost no armour, stealthy swim, amphibious, 8 rings, constrict 8, camouflage
1, gelatinous body 1
a: Divine Energy, Renounce Religion


You were on level 2 of the Lair of Beasts.
You worshipped Sif Muna.
Sif Muna was pleased with you.
You were hungry.

You visited 3 branches of the dungeon, and saw 13 of its levels.

You collected 647 gold pieces.

Inventory:

Hand Weapons
 a - a +6 flail of protection (weapon)
 l - a +0 short sword of draining
 u - a +3 mace
 y - a +0 hand axe of flaming
 z - a +3 hand axe of freezing
 B - a +1 battleaxe
 C - a +2 spear of freezing
 D - a +2 flail of holy wrath
 L - a +2 scimitar of flaming
Missiles
 v - 158 arrows
 A - 8 tomahawks (quivered)
Armour
 o - a +0 large shield
 J - a +1 shield
Jewellery
 b - an amulet of magic regeneration (around mantle)
 h - an uncursed ring of ice
 j - a +4 ring of strength (left tentacle)
Wands
 t - a wand of random effects (79)
 w - a wand of flame (61)
 M - a wand of iceblast (10)
Scrolls
 i - 8 scrolls of remove curse
 k - 6 scrolls of teleportation
 n - 10 scrolls of identify
 q - a scroll of amnesia
 s - 2 scrolls of immolation
Potions
 d - a potion of haste
 f - 3 potions of might
 m - 4 potions of flight
 x - a potion of agility
Comestibles
 c - 17 rations


   Skills:
 + Level 3.8 Fighting
 + Level 6.0 Maces & Flails
 + Level 5.4 Dodging
 + Level 7.6 Stealth
 + Level 9.1 Unarmed Combat
 + Level 6.5 Spellcasting
 + Level 0.9 Conjurations
 + Level 0.1 Hexes
 + Level 0.1 Charms
 * Level 8.7 Transmutations
 + Level 0.4 Fire Magic
 + Level 3.8 Poison Magic
 + Level 0.6 Evocations


You had 2 spell levels left.
You knew the following spells:

 Your Spells              Type           Power        Failure   Level  Hunger
a - Beastly Appendage     Tmut           #####.       1%          1    None
b - Spider Form           Tmut/Pois      ####......   2%          3    ##.....
c - Dazzling Spray        Conj/Hex       #.....       30%         3    ##.....
d - Blade Hands           Tmut           #####.....   10%         5    #####..
e - Throw Flame           Conj/Fire      #.....       14%         2    None
f - Ice Form              Ice/Tmut       ###.....     21%         4    ####...
g - Ozocubu's Armour      Chrm/Ice       #.......     34%         3    ##.....

Your spell library contained the following spells:

 Spells                   Type           Power        Failure   Level  Hunger
 Sticks to Snakes         Tmut           #####...     1%          2    None
 Magic Dart               Conj           #...         9%          1    None
 Flame Tongue             Conj/Fire      #....        10%         1    None
 Freeze                   Ice            #...         12%         1    None
 Searing Ray              Conj           #.....       13%         2    None
 Throw Frost              Conj/Ice       #.....       16%         2    None
 Conjure Flame            Conj/Fire      #.......     28%         3    ##.....
 Inner Flame              Hex/Fire       #.......     32%         3    ##.....
 Iskenderun's Mystic Bla  Conj           #.......     63%         4    ####...
 Sticky Flame             Conj/Fire      #.......     67%         4    ####...
 Fulminant Prism          Conj/Hex       #.........   69%         4    ####...
 Throw Icicle             Conj/Ice       #.......     69%         4    ####...
 Force Lance              Conj/Tloc      #.......     71%         4    ####...
 Summon Ice Beast         Ice/Summ       #.......     77%         4    ####...
 Fireball                 Conj/Fire      #.........   95%         5    #####..


Dungeon Overview and Level Annotations

Branches:
Dungeon (10/15)            Temple (1/1) D:7            Lair (2/6) D:8
  Swamp: Lair:2-4    Shoals: Lair:2-4     Snake: Lair:2-4    Spider: Lair:2-4
    Orc: D:9-12

Altars:
Ashenzari
Cheibriados
Dithmenos
Elyvilon
Fedhas
Gozag
Hepliaklqana
Kikubaaqudgha
Makhleb
Nemelex Xobeh
Okawaru
Qazlal
Ru
Sif Muna
Trog
Uskayaw
Vehumet
Wu Jian
Xom
Yredelemnul
Zin
The Shining One

Shops:
D:9 [

Annotations:
D:10 Snorg
Lair:1 1 runed door, exclusion: oklob plant, smtktc's ghost, novice DECj


Innate Abilities, Weirdness & Mutations

You cannot wear most types of armour.
You are very stealthy in the water. (Stealth+)
You are amphibious.
You can wear up to eight rings at the same time.
You can use your tentacles to constrict eight enemies at once.
Your skin changes colour to match your surroundings (Stealth+).
Your rubbery body absorbs attacks. (AC +1, EV +1)


Message History

You miss the wolf. You grab the wolf. You squeeze the wolf!
The wolf is moderately wounded.
You constrict the wolf, but do no damage.
The wolf bites you.
* * * LOW HITPOINT WARNING * * *
The wolf bites you.
* * * LOW HITPOINT WARNING * * *
The wolf bites you.
* * * LOW HITPOINT WARNING * * *
The wolf bites you.
* * * LOW HITPOINT WARNING * * *
You release your grip on the wolf.
The wolf bites you but does no damage. The wolf misses you. The wolf bites you.
* * * LOW HITPOINT WARNING * * *
Unknown command.
Unknown command.
Okay, then.
Unknown command.
The wolf misses you. The wolf bites you!
You die...

. ..### . ## ⌠.+..P
.. ##.. .#..# ##.#.#.
...### ..$...F
#..#.###
..⌠....####......# #
.......#.h.#.....#...
⌠...⌠.l††h@........P#
......####.#.<...#.#
./⌠.. ###.....# ....
##..### .## .### . ..
#. #.


You could see a komodo dragon and 2 wolves.

Vanquished Creatures
  Harold (D:10)
  Erica (D:10)
  2 two-headed ogres (D:10)
  Joseph (D:7)
  2 spiny frogs
  A troll (D:10)
  4 hippogriffs
  Sigmund (D:4)
  A steam dragon (D:9)
  Edmund (D:4)
  2 wargs (D:8)
  A water moccasin (D:8)
  A porcupine (Lair:1)
  5 orc warriors
  3 ice beasts
  An eye of draining (D:10)
  A sky beast (D:9)
  2 ogres
  A phantom (D:5)
  6 wolves
  2 centaurs (D:7)
  A crocodile (Lair:1)
  6 bullfrogs
  A gnoll sergeant (D:9)
  A water moccasin zombie (D:5)
  3 scorpions
  3 killer bees (D:9)
  4 howler monkeys
  4 wights (D:7)
  5 crimson imps
  A bullfrog zombie (D:10)
  A gnoll shaman (D:5)
  2 hounds
  2 jellies (D:5)
  A bullfrog skeleton (D:10)
  7 orc priests
  6 orc wizards
  3 iguanas
  Jessica (D:2)
  Ijyb (D:4)
  Terence (D:3)
  3 worker ants
  A hound zombie (D:9)
  2 hound skeletons
  3 worker ant zombies
  8 gnolls
  7 adders
  An ooze (D:1)
  3 adder zombies
  An adder skeleton (D:5)
  4 worms
  A dart slug (D:2)
  A leopard gecko (D:3)
  37 orcs
  2 ball pythons
  3 bats
  A bat skeleton (D:2)
  A bat zombie (D:2)
  5 giant cockroaches
  8 goblins
  9 hobgoblins
  14 jackals
  11 kobolds
  9 quokkas
  3 frilled lizards
  A leopard gecko skeleton (D:7)
  A quokka zombie (D:6)
  11 rats
245 creatures vanquished.

Vanquished Creatures (others)
  A bat skeleton (D:2)
  2 fungi (Lair:1)
  4 plants (Lair:1)
7 creatures vanquished.

Grand Total: 252 creatures vanquished

Notes
Turn   | Place    | Note
-------+----------+-------------------------------------------
     0 | D:1      | dvd the Octopode Transmuter began the quest for the Orb.
     0 | D:1      | Reached XP level 1. HP: 13/13 MP: 3/3
   233 | D:1      | Reached XP level 2. HP: 18/18 MP: 5/5
   540 | D:1      | Reached XP level 3. HP: 23/23 MP: 4/6
   592 | D:1      | Reached skill level 1 in Stealth
   981 | D:2      | Noticed Jessica
   985 | D:2      | Killed Jessica
   985 | D:2      | Reached XP level 4. HP: 12/28 MP: 5/7
  1196 | D:2      | Learned a level 3 spell: Spider Form
  1257 | D:2      | Reached skill level 4 in Unarmed Combat
  1757 | D:3      | Noticed Terence
  1765 | D:3      | Killed Terence
  1765 | D:3      | Reached XP level 5. HP: 33/33 MP: 7/9
  2730 | D:4      | Reached XP level 6. HP: 34/38 MP: 10/10
  2743 | D:4      | Noticed Edmund
  2763 | D:4      | Killed Edmund
  2763 | D:4      | Reached skill level 1 in Poison Magic
  2972 | D:4      | Noticed Ijyb
  2984 | D:4      | Killed Ijyb
  3222 | D:4      | Noticed Sigmund
  3235 | D:4      | Killed Sigmund
  3235 | D:4      | Reached skill level 5 in Unarmed Combat
  3235 | D:4      | Reached XP level 7. HP: 33/43 MP: 10/12
  3842 | D:5      | Entered Level 5 of the Dungeon
  4252 | D:5      | Reached skill level 1 in Maces & Flails
  4775 | D:5      | Reached XP level 8. HP: 46/48 MP: 12/14
  5492 | D:5      | Noticed a moth of wrath
  5494 | D:5      | Found a bloodstained altar of Trog.
  6353 | D:6      | Learned a level 3 spell: Dazzling Spray
  6723 | D:7      | Reached skill level 6 in Unarmed Combat
  6773 | D:7      | Found a snail-covered altar of Cheibriados.
  6835 | D:7      | Reached skill level 5 in Stealth
  7110 | D:7      | Reached XP level 9. HP: 41/54 MP: 14/16
  7193 | D:7      | Noticed a dagger
  7195 | D:7      | Noticed a dagger
  7237 | D:7      | Found a hide-covered altar of Uskayaw.
  7507 | D:7      | Noticed Joseph
  7527 | D:7      | Killed Joseph
  7527 | D:7      | Reached skill level 7 in Unarmed Combat
  7527 | D:7      | Reached skill level 5 in Spellcasting
  7759 | D:7      | Found a staircase to the Ecumenical Temple.
  7766 | Temple   | Entered the Ecumenical Temple
  7969 | Temple   | Became a worshipper of Sif Muna the Loreminder
  8047 | D:7      | Found a glowing silver altar of Zin.
  8047 | D:7      | Noticed an angel
  8262 | D:7      | Reached skill level 5 in Transmutations
  9004 | D:8      | Learned a level 5 spell: Blade Hands
  9328 | D:8      | Reached XP level 10. HP: 48/62 MP: 17/17
  9720 | D:8      | Found a staircase to the Lair.
 10317 | D:9      | Reached skill level 8 in Unarmed Combat
 10478 | D:9      | Reached * piety under Sif Muna
 11035 | D:9      | Learned a level 2 spell: Throw Flame
 11379 | D:9      | Reached skill level 5 in Maces & Flails
 11701 | D:9      | Found Raiger's Antique Armour Shop.
 11912 | D:10     | Entered Level 10 of the Dungeon
 12249 | D:10     | Noticed Erica
 12533 | D:10     | Noticed a two-headed ogre
 12554 | D:10     | Killed a two-headed ogre
 12936 | D:10     | Noticed Harold
 12939 | D:10     | Killed Erica
 12939 | D:10     | Reached ** piety under Sif Muna
 12939 | D:10     | Reached XP level 11. HP: 56/67 MP: 11/20
 13269 | D:10     | Noticed a two-headed ogre
 13307 | D:10     | Killed a two-headed ogre
 13307 | D:10     | Reached skill level 5 in Dodging
 13473 | D:10     | Killed Harold
 13492 | D:10     | Noticed Snorg
 13644 | D:10     | Learned a level 4 spell: Ice Form
 13649 | D:10     | Learned a level 3 spell: Ozocubu's Armour
 13781 | Lair:1   | Entered Level 1 of the Lair of Beasts
 13817 | Lair:1   | Noticed an oklob plant
 13836 | Lair:1   | Reached skill level 9 in Unarmed Combat
 13852 | Lair:1   | HP: 1/68 [spiny frog (25)]
 14366 | Lair:1   | Noticed an eight-headed hydra
 14373 | Lair:1   | Found a runed door.
 14375 | Lair:1   | Noticed smtktc's ghost (novice DECj)
 14634 | Lair:2   | HP: 1/68 [wolf (3)]
 14635 | Lair:2   | Mangled by a wolf

Skill      XL: |  1  2  3  4  5  6  7  8  9 10 11 |
---------------+----------------------------------+-----
Stealth        | 1 2 3 5 6 7 |  7.6
Unarmed Combat | 4 5 6 7 8 9 |  9.1
Spellcasting   | 3 4 5 6 |  6.5
Transmutations | 3 4 6 7 8 |  8.7
Poison Magic   | 2 3 |  3.8
Maces & Flails | 1 3 4 6 |  6.0
Dodging        | 3 4 5 |  5.4
Fighting       | 2 3 |  3.8
Conjurations   | |  0.9
Hexes          | |  0.1
Charms         | |  0.1
Fire Magic     | |  0.4
Evocations     | |  0.6

Action                   |  1- 3 |  4- 6 |  7- 9 | 10-12 || total
-------------------------+-------+-------+-------+-------++-------
Melee: Unarmed           |    51 |    99 |   219 |   122 ||   491
       Constrict         |    13 |    16 |    28 |    21 ||    78
       Kick              |     7 |    12 |     8 |     4 ||    31
       Tentacles         |     7 |    11 |    21 |    23 ||    62
       Punch             |     1 |     3 |     2 |     5 ||    11
       Flail             |       |     9 |   137 |    74 ||   220
 Cast: Beastly Appendage |    13 |    10 |    10 |     3 ||    36
       Spider Form       |       |    14 |    22 |     9 ||    45
       Dazzling Spray    |       |       |     4 |     3 ||     7
       Blade Hands       |       |       |       |    11 ||    11
       Throw Flame       |       |       |       |    10 ||    10
       Ozocubu's Armour  |       |       |       |     2 ||     2
       Ice Form          |       |       |       |     1 ||     1
Evoke: Wand              |       |       |     5 |     2 ||     7
  Use: Scroll            |       |       |    12 |    11 ||    23
       Potion            |       |       |       |    12 ||    12
 Stab: Sleeping          |     2 |     5 |    14 |     8 ||    29
       Invisible         |       |       |     1 |       ||     1
  Eat: Chunk             |       |     9 |    18 |    18 ||    45
       Ration            |       |       |     1 |     1 ||     2
Armor: Skin              |     4 |     4 |    29 |    21 ||    58
Dodge: Dodged            |    41 |    65 |   289 |   195 ||   590
